 Seeded DCSS version 0.27.1-1-g398f81649c (webtiles) character file.

Game seed: 18446744073709551615 (custom seed)

28 a11behringer the Poker (level 3, 0/31 HPs)
             Began as a Minotaur Berserker on Sept 12, 2021.
             Was a Follower of Trog.
             Slain by a gnoll (2 damage)
             ... on level 2 of the Dungeon.
             The game lasted 00:02:16 (386 turns).

a11behringer the Poker (Minotaur Berserker)          Turns: 386, Time: 00:02:18

Health: 0/31       AC:  2    Str: 21    XL:     3   Next: 0%
Magic:  2/2        EV: 12    Int:  4    God:    Trog [*.....]
Gold:   36         SH:  0    Dex: 10    Spells: 2/2 levels left

rFire    . . .     SeeInvis .   a - +0 spear
rCold    . . .     Faith    .   (no shield)
rNeg     + . .     Spirit   .   b - +0 animal skin
rPois    .         Reflect  .   (helmet restricted)
rElec    .         Harm     .   (no cloak)
rCorr    .         Rampage  .   (no gloves)
Will     .....                  (no boots)
Stlth    +.........             (no amulet)
HPRegen  0.10/turn              e - ring of positive energy
MPRegen  0.08/turn              (no ring)

@: on berserk cooldown, slowed, very slow
A: horns 2, retaliatory headbutt
a: Renounce Religion, Berserk


You were on level 2 of the Dungeon.
You worshipped Trog.
Trog was aware of your devotion.
You visited 1 branch of the dungeon, and saw 2 of its levels.

You collected 36 gold pieces.

Inventory:

Hand Weapons
 a - a +0 spear (weapon)
Missiles
 f - 6 javelins (quivered)
Armour
 b - a +0 animal skin (worn)
Jewellery
 e - a ring of positive energy (left hand)
Scrolls
 d - a scroll of immolation {unknown}
 g - a scroll of vulnerability {unknown}
Potions
 c - a potion of curing {unknown}


   Skills:
 - Level 3.6 Fighting
 * Level 5.1 Polearms
 - Level 2.4 Armour
 - Level 2.1 Dodging


You had 2 spell levels left.
You didn't know any spells.
Your spell library was empty.

Dungeon Overview and Level Annotations

Branches:
Dungeon (1/15)

Altars:

Shops:
D:1 [


Innate Abilities, Weirdness & Mutations

You have a pair of horns on your head.
You reflexively headbutt those who attack you in melee.


Message History

You puncture the gnoll!
You kill the gnoll!
Trog accepts your kill.
The gnoll hits you from afar with a +0 spear.
Found a sedimented orange potion.
Things that are here:
a +0 spear; a gnoll corpse You puncture the gnoll!
You headbutt the gnoll.
You kill the gnoll!
Trog accepts your kill.
Your Polearms skill increases to level 5!
You have reached level 3!
Your experience leads to an increase in your attributes!
Increase (S)trength, (I)ntelligence, or (D)exterity?
You feel agile. The quokka bites you. The gnoll barely misses you.
Things that are here:
a +0 flail; a gnoll corpse You feel a strong urge to attack something.
You are no longer berserk.
You are exhausted.
You feel yourself slow down.
A goblin comes into view. It is wielding a +0 dagger.
Things that are here:
a +0 spear; a gnoll corpse You barely miss the gnoll.
Your headbutt misses the gnoll.
The gnoll hits you from afar with a +0 spear!
The gnoll hits you with a +0 whip. The gnoll closely misses you.
The gnoll barely misses you.
You barely miss the gnoll. You headbutt the gnoll.
The gnoll is moderately wounded.
The gnoll barely misses you. The gnoll hits you with a +0 whip.
* * * LOW HITPOINT WARNING * * *
You hit the gnoll but do no damage.
The gnoll is moderately wounded.
The gnoll hits you from afar with a +0 spear.
* * * LOW HITPOINT WARNING * * *
The gnoll closely misses you.
The gnoll hits you from afar with a +0 spear.
You die...

### ... .... #
#.(. .# ##...###
####... #.......
.......
#...#.####gr.....
#..(...@gg......
####.####.####!.
#.# .# #.# .#
###.###.# .#
........# .#
###.##### .# .#


You could see 2 gnolls, a quokka and a goblin.

Vanquished Creatures
  2 gnolls (D:2)
  A goblin (D:1)
  A hobgoblin (D:1)
  3 ball pythons (D:1)
  A bat (D:1)
  3 rats (D:1)
11 creatures vanquished.

Notes
Turn   | Place    | Note
-------+----------+-------------------------------------------
     0 | D:1      | a11behringer the Minotaur Berserker began the quest for the
                  | Orb.
     0 | D:1      | Reached XP level 1. HP: 19/19 MP: 0/0
   238 | D:1      | Reached skill level 4 in Polearms
   306 | D:1      | Found a faded altar of an unknown god.
   357 | D:1      | Found Wusebb's Antique Armour Emporium.
   366 | D:1      | Reached XP level 2. HP: 26/26 MP: 1/1
   369 | D:1      | You fall into a shaft and drop 1 floor!
   382 | D:2      | Reached skill level 5 in Polearms
   382 | D:2      | Reached XP level 3. HP: 31/31 MP: 2/2
   386 | D:2      | Slain by a gnoll

Illustrated notes

Levels and vault maps discovered:
D:1:      minmay_arrival_widening_spiral_wide, layout_basic, serial_shops, shop,
          shapermc_ecumenical_altar_rom_forum
D:2:      layout_loops_ring, serial_shops, shop, minmay_misc_feat_five,
          minmay_tiny_reverse_x, uniq_robin, uniq_natasha

Skill      XL: |  1  2 |
---------------+-------+-----
Polearms       | 4 5 |  5.1
Fighting       | |  3.6
Armour         | |  2.4
Dodging        | |  2.1

Action                   || total
-------------------------++-------
Melee: Spear             ||    20
       Headbutt          ||     2
Invok: Berserk           ||     1
 Stab: Sleeping          ||     1
Dodge: Dodged            ||    14
